 Dungeon Crawl Stone Soup version 0.21.1-1-g345015f (webtiles) character file.

388 manyhoops the Changer (level 6, -1/51 HPs)
             Began as a Gnoll Wanderer on Mar 27, 2018.
             Slain by a sky beast (6 damage)
             ... on level 5 of the Dungeon.
             The game lasted 00:05:32 (4240 turns).

manyhoops the Changer (Gnoll Wanderer)              Turns: 4240, Time: 00:05:32

Health: -1/51      AC:  7    Str: 18      XL:     6   Next: 79%
Magic:  11/11      EV: 11    Int: 16      God:
Gold:   222        SH:  0    Dex: 10 (11) Spells: 8/12 levels left

rFire    . . .     SeeInvis .   a - +2 spear
rCold    . . .     Gourm    .   (no shield)
rNeg     . . .     Faith    .   i - +0 ring mail
rPois    .         Spirit   .   t - +1 helmet
rElec    .         Reflect  .   (no cloak)
rCorr    .         Harm     .   (no gloves)
MR       .....                  (no boots)
Stlth    ..........             e - amulet of regeneration
HPRegen  0.57/turn              j - ring of wizardry
MPRegen  0.12/turn              k - ring of loudness (curse)

@: no status effects
A: distributed training, fangs 1, strong nose
a: no special abilities


You were on level 5 of the Dungeon.
You were not hungry.

You visited 1 branch of the dungeon, and saw 5 of its levels.

You collected 222 gold pieces.

Inventory:

Hand Weapons
 a - a +2 spear (weapon)
 o - a +0 falchion
Armour
 c - a +0 robe
 i - a +0 ring mail (worn)
 t - a +1 helmet (worn)
Jewellery
 e - an amulet of regeneration (around neck)
 j - a ring of wizardry (left hand)
 k - a cursed ring of loudness (right hand)
Wands
 l - a wand of paralysis (10)
Scrolls
 f - a scroll of fear
 g - a scroll of teleportation
 m - a scroll of amnesia
 n - 2 scrolls of enchant weapon {unknown}
 q - a scroll of random uselessness {unknown}
 r - a scroll of enchant armour
 s - a scroll of noise {unknown}
 v - a scroll of remove curse {unknown}
Potions
 h - a potion of degeneration
 p - a potion of lignification {unknown}
Books
 b - the Incunabulum of Evil

   Spells                             Type                      Level
   a - Pain                           Necromancy                   1
   b - Regeneration                   Charms/Necromancy            3
Comestibles
 d - 9 rations


   Skills:
 + Level 5.0 Fighting
 + Level 2.1 Short Blades
 + Level 2.1 Long Blades
 + Level 2.1 Axes
 + Level 2.1 Maces & Flails
 + Level 2.1 Polearms
 + Level 2.1 Staves
 + Level 2.1 Slings
 + Level 2.1 Bows
 + Level 2.1 Crossbows
 + Level 2.1 Throwing
 + Level 3.3 Armour
 + Level 2.1 Dodging
 + Level 2.1 Stealth
 + Level 2.1 Shields
 + Level 2.1 Unarmed Combat
 + Level 3.5 Spellcasting
 + Level 1.6 Conjurations
 + Level 1.6 Hexes
 + Level 1.6 Charms
 + Level 1.6 Summonings
 + Level 2.7 Necromancy
 + Level 1.6 Translocations
 + Level 5.7 Transmutations
 + Level 1.6 Fire Magic
 + Level 1.6 Ice Magic
 + Level 1.6 Air Magic
 + Level 1.6 Earth Magic
 + Level 1.6 Poison Magic
 + Level 2.3 Invocations
 + Level 5.0 Evocations


You had 8 spell levels left.
You knew the following spells:

 Your Spells              Type           Power        Failure   Level  Hunger
a - Pain                  Necr           ##..         4%          1    None
b - Regeneration          Chrm/Necr      #.........   16%         3    ###....


Dungeon Overview and Level Annotations

Branches:
Dungeon (5/15)
 Temple: D:4-7

Altars:
Elyvilon
Gozag


Innate Abilities, Weirdness & Mutations

Your experience applies equally to all skills.
You have very sharp teeth.
Your uncanny sense of smell can sniff out nearby items.


Message History

The sky beast is moderately wounded.
The sky beast hits you.
* * * LOW HITPOINT WARNING * * *
The sky beast shocks you.
* * * LOW HITPOINT WARNING * * *
You closely miss the sky beast. Your bite misses the sky beast.
The sky beast is moderately wounded.
The sky beast barely misses you.
You hit the sky beast.
The sky beast is heavily wounded.
The sky beast flickers out of sight!
Deactivating autopickup; reactivate with Ctrl-A.
Something hits you but does no damage.
You hit something but do no damage. You hit something but do no damage.
Your bite misses something. Something hits you but does no damage.
You closely miss something. You bite something. Something hits you.
* * * LOW HITPOINT WARNING * * *
Something shocks you.
You die...

#([ #∆## ∆ #..# ##.#
#.# # ∆
#######.#########.
......>.....).....
.#.###########...##...#
......{@....####.##...#
##.########...##..#...#
###.........#
######....# #....#
##...# #...# #...#
#..##


There were no monsters in sight!

Vanquished Creatures
  A sky beast (D:5)
  A crimson imp (D:2)
  2 orc wizards (D:3)
  2 worker ants (D:4)
  A hound skeleton (D:4)
  4 adders
  3 oozes
  3 adder skeletons
  A dart slug (D:1)
  18 orcs
  7 bats
  4 giant cockroaches
  4 goblins
  4 hobgoblins (D:1)
  4 jackals (D:4)
  4 quokkas
  7 kobolds
  3 rats
73 creatures vanquished.

Notes
Turn   | Place    | Note
-------+----------+-------------------------------------------
     0 | D:1      | manyhoops the Gnoll Wanderer began the quest for the Orb.
     0 | D:1      | manyhoops set off with: a +2 spear, the Incunabulum of Evil, a +0 robe, a ration
     0 | D:1      | Reached XP level 1. HP: 20/20 MP: 4/4
     0 | D:1      | Identified the Incunabulum of Evil
     2 | D:1      | Learned a level 1 spell: Pain
   383 | D:1      | Reached XP level 2. HP: 26/26 MP: 5/5
   588 | D:1      | Reached XP level 3. HP: 25/31 MP: 7/7
  1051 | D:2      | Reached skill level 1 in Short Blades
  1051 | D:2      | Reached skill level 1 in Long Blades
  1051 | D:2      | Reached skill level 1 in Axes
  1051 | D:2      | Reached skill level 1 in Maces & Flails
  1051 | D:2      | Reached skill level 1 in Polearms
  1051 | D:2      | Reached skill level 1 in Staves
  1051 | D:2      | Reached skill level 1 in Slings
  1051 | D:2      | Reached skill level 1 in Bows
  1051 | D:2      | Reached skill level 1 in Crossbows
  1051 | D:2      | Reached skill level 1 in Throwing
  1051 | D:2      | Reached skill level 1 in Dodging
  1051 | D:2      | Reached skill level 1 in Stealth
  1051 | D:2      | Reached skill level 1 in Shields
  1051 | D:2      | Reached skill level 1 in Unarmed Combat
  1051 | D:2      | Reached skill level 1 in Invocations
  1051 | D:2      | Reached XP level 4. HP: 34/38 MP: 8/8
  1925 | D:2      | Found a white marble altar of Elyvilon.
  1973 | D:3      | Reached skill level 1 in Conjurations
  1973 | D:3      | Reached skill level 1 in Hexes
  1973 | D:3      | Reached skill level 1 in Charms
  1973 | D:3      | Reached skill level 1 in Summonings
  1973 | D:3      | Reached skill level 1 in Translocations
  1973 | D:3      | Reached skill level 1 in Fire Magic
  1973 | D:3      | Reached skill level 1 in Ice Magic
  1973 | D:3      | Reached skill level 1 in Air Magic
  1973 | D:3      | Reached skill level 1 in Earth Magic
  1973 | D:3      | Reached skill level 1 in Poison Magic
  1988 | D:3      | Reached XP level 5. HP: 29/43 MP: 9/9
  2133 | D:3      | Learned a level 3 spell: Regeneration
  2193 | D:3      | Found an opulent altar of Gozag.
  2468 | D:3      | HP: 1/43 [orc wizard/dagger (2)]
  2745 | D:3      | Noticed a phantom
  2874 | D:4      | Reached XP level 6. HP: 45/50 MP: 10/10
  4075 | D:5      | Entered Level 5 of the Dungeon
  4100 | D:5      | Noticed a sky beast
  4131 | D:5      | Killed a sky beast
  4131 | D:5      | Reached skill level 5 in Fighting
  4131 | D:5      | Reached skill level 5 in Evocations
  4214 | D:5      | Noticed a sky beast
  4240 | D:5      | Slain by a sky beast

Skill      XL: |  1  2  3  4  5  6 |
---------------+-------------------+-----
Necromancy     | 2 |  2.7
Short Blades   | 1 2 |  2.1
Long Blades    | 1 2 |  2.1
Axes           | 1 2 |  2.1
Maces & Flails | 1 2 |  2.1
Polearms       | 1 2 |  2.1
Staves         | 1 2 |  2.1
Slings         | 1 2 |  2.1
Bows           | 1 2 |  2.1
Crossbows      | 1 2 |  2.1
Throwing       | 1 2 |  2.1
Dodging        | 1 2 |  2.1
Stealth        | 1 2 |  2.1
Shields        | 1 2 |  2.1
Unarmed Combat | 1 2 |  2.1
Invocations    | 1 2 |  2.3
Spellcasting   | 3 |  3.5
Conjurations   | 1 |  1.6
Hexes          | 1 |  1.6
Charms         | 1 |  1.6
Summonings     | 1 |  1.6
Translocations | 1 |  1.6
Fire Magic     | 1 |  1.6
Ice Magic      | 1 |  1.6
Air Magic      | 1 |  1.6
Earth Magic    | 1 |  1.6
Poison Magic   | 1 |  1.6
Armour         | 3 |  3.3
Fighting       | 5 |  5.0
Evocations     | 5 |  5.0
Transmutations | |  5.7

Action                   |  1- 3 |  4- 6 || total
-------------------------+-------+-------++-------
Melee: Spear             |   100 |   317 ||   417
       Bite              |    13 |    23 ||    36
       Punch             |       |     1 ||     1
Throw: Javelin           |       |     6 ||     6
 Cast: Regeneration      |       |     1 ||     1
  Use: Potion            |       |     5 ||     5
       Scroll            |       |     4 ||     4
 Stab: Sleeping          |     1 |       ||     1
  Eat: Chunk             |       |     8 ||     8
       Ration            |       |     1 ||     1
Armor: Robe              |     4 |       ||     4
       Ring mail         |    21 |   114 ||   135
Dodge: Dodged            |    36 |   170 ||   206
